 Seeded DCSS version 0.29-a0-321-gf1c400731a (webtiles) character file.

Game seed: 16968757970846383692 (custom seed)

1533 Hubjo the Skirmisher (level 8, -18/60 HPs)
             Began as a Demonspawn Monk on Apr 4, 2022.
             Was an Elder of Hepliaklqana.
             Killed from afar by an acid dragon (33 damage)
             ... with a splash of acid
             ... on level 6 of the Dungeon.
             The game lasted 00:08:38 (5816 turns).

Hubjo the Skirmisher (Demonspawn Monk)              Turns: 5816, Time: 00:08:39

Health: -18/60     AC:  6    Str: 12    XL:     8   Next: 55%
Magic:  4/4        EV: 13    Int: 11    God:    Hepliaklqana [****..]
Gold:   367        SH:  0    Dex: 27    Spells: 15/15 levels left

rFire   + . .      SeeInvis .   u - +2 dagger (antimagic)
rCold   + + .      Faith    .   (no shield)
rNeg    . . .      Spirit   .   n - +5 leather armour of Card Tricks {rC++ Dex+3 Stlth+}
rPois   .          Reflect  .   (no helmet)
rElec   .          Harm     .   (no cloak)
rCorr   .          Rampage  .   (no gloves)
Will    .....                   (no boots)
Stlth   +++++.....              (no amulet)
HPRegen 0.20/turn               t - +6 ring of dexterity
MPRegen 0.09/turn               y - ring of protection from fire

@: corroded, studying Stealth
A: reduced essence, slimy green scales 1, powered by death 2, demonic magic 1
a: Renounce Religion, Recall Ancestor, Ancestor Identity, Transference, Idealise


You were on level 6 of the Dungeon.
You worshipped Hepliaklqana.
Hepliaklqana was greatly pleased with you.
You visited 2 branches of the dungeon, and saw 7 of its levels.

You collected 367 gold pieces.

Inventory:

Hand Weapons
 a - a +0 short sword
 u - a +2 antimagic dagger (weapon)
Missiles
 o - 31 poisoned darts (quivered)
Armour
 b - a +0 robe
 n - the +5 leather armour of Card Tricks (worn) {rC++ Dex+3 Stlth+}
   (You found it on level 2 of the Dungeon)

   Dex:       It affects your dexterity (+3).
   rC:        It greatly protects you from cold.
   Stlth:     It makes you more stealthy.
Jewellery
 t - a +6 ring of dexterity (left hand)
 y - a ring of protection from fire (right hand)
Wands
 c - a wand of flame (22)
Scrolls
 e - a scroll of identify
 f - 2 scrolls of magic mapping
 g - 2 scrolls of blinking
 j - a scroll of noise {unknown}
 l - a scroll of enchant weapon {unknown}
 m - 3 scrolls of immolation
 p - 2 scrolls of enchant armour
 q - a scroll of teleportation {unknown}
 r - 2 scrolls of acquirement
 w - a scroll of silence {unknown}
 z - a scroll of fog
Potions
 d - 2 potions of mutation {unknown}
 h - 2 potions of haste {unknown}
 i - a potion of cancellation {unknown}
 k - a potion of brilliance {unknown}
 s - 4 potions of curing
 v - 3 potions of lignification {unknown}
 x - 2 potions of attraction {unknown}
 A - a potion of might {unknown}


   Skills:
 * Level 7.4 Fighting
 - Level 2.6 Short Blades
 - Level 2.6 Dodging
 * Level 7.1 Stealth
 + Level 4.1 Spellcasting


You had 15 spell levels left.
You didn't know any spells.
Your spell library was empty.

Dungeon Overview and Level Annotations

Branches:
Dungeon (6/15)             Temple (1/1) D:5

Altars:
Ashenzari
Cheibriados
Dithmenos
Fedhas
Gozag
Hepliaklqana
Kikubaaqudgha
Nemelex Xobeh
Okawaru
Ru
Sif Muna
Trog
Uskayaw
Vehumet
Wu Jian
Yredelemnul


Innate Abilities, Weirdness & Mutations

Your life essence is reduced to manifest your ancestor. (-10% HP)
You are partially covered in slimy green scales. (AC +2)
You regenerate health from kills.
Spells you cast may paralyse adjacent enemies.


Message History

The acid dragon bites you. The acid dragon claws you.
You hit the acid dragon.
The acid dragon is moderately wounded.
You hit the acid dragon but do no damage.
The acid dragon is moderately wounded.
The acid dragon spits acid at you. The splash of acid hits you.
The acid corrodes you!
You hear a shout!
You hit the acid dragon but do no damage.
The acid dragon is moderately wounded.
The acid dragon barely misses you. The acid dragon claws you.
You hit the acid dragon but do no damage.
The acid dragon is moderately wounded.
The acid dragon bites you.
The acid dragon claws you but does no damage.
You closely miss the acid dragon.
The acid dragon is moderately wounded.
The acid dragon bites you but does no damage.
The acid dragon misses you.
You hit the acid dragon but do no damage.
The acid dragon is moderately wounded.
The acid dragon closely misses you. The acid dragon barely misses you.
You hit the acid dragon but do no damage.
The acid dragon is moderately wounded.
The acid dragon spits acid at you. The splash of acid hits you.
You hit the acid dragon.
The acid dragon is moderately wounded.
You hit the acid dragon.
The acid dragon is heavily wounded.
The acid dragon bites you!
* * * LOW HITPOINT WARNING * * *
The acid dragon claws you but does no damage.
A centaur comes into view.
You hit the acid dragon.
The acid dragon is severely wounded.
The acid dragon spits acid at you. The splash of acid hits you!!
Ouch! That really hurt!
You die...

#...(..#.#.#########
####...#....##.....#
###
#...#...........#...#
#...#........#....#
.#..........c#....#
##.......#.#.# #.#
###......##.## ..
#.#..###.R.# . #.#...
##@## #...#. #D# #..
#.# #.# #.# #.# #.#
...


You could see the friendly Hubquo the knight, an acid dragon (catching breath,
ally target) and a centaur.

Vanquished Creatures
  An ogre (D:4)
  A phantom (D:6)
  4 scorpions
  2 necrophages
  A gnoll shaman (D:5)
  An iron imp (D:4)
  An orc priest (D:4)
  A jelly (D:4)
  2 orc wizards (D:6)
  Natasha (D:2)
  Robin (D:4)
  2 gnolls
  9 adders
  A river rat (D:6)
  A shadow imp (D:6)
  An ufetubus (D:6)
  3 worms
  3 dart slugs
  9 orcs
  7 endoplasms
  2 giant cockroaches (D:1)
  19 goblins
  8 hobgoblins
  5 kobolds
  4 quokkas
  6 ball pythons
  2 bats (D:1)
  4 frilled lizards
  9 rats
111 creatures vanquished.

Vanquished Creatures (collateral kills)
  A phantom (D:5)
  4 scorpions
  A hound (D:3)
  3 orc wizards
  Natasha (D:2)
  6 gnolls
  A river rat (D:6)
  5 adders
  A worm (D:6)
  6 orcs
  2 bats
  A giant cockroach (D:3)
  4 goblins
  2 hobgoblins
  5 kobolds
  2 rats (D:6)
45 creatures vanquished.

Grand Total: 156 creatures vanquished

Notes
Turn   | Place    | Note
-------+----------+-------------------------------------------
     0 | D:1      | Hubjo the Demonspawn Monk began the quest for the Orb.
     0 | D:1      | Reached XP level 1. HP: 18/18 MP: 1/1
   145 | D:1      | Gained mutation: You regenerate a little health from kills.
                  | [demonic ancestry]
   145 | D:1      | Reached XP level 2. HP: 24/24 MP: 2/2
   558 | D:1      | Gained mutation: You regenerate health from kills. [demonic
                  | ancestry]
   558 | D:1      | Reached XP level 3. HP: 27/29 MP: 4/4
   961 | D:1      | Reached skill level 1 in Spellcasting
  1137 | D:2      | Identified the +5 leather armour of Card Tricks {rC++ Dex+3
                  | Stlth+}
  1233 | D:2      | Noticed Natasha
  1264 | D:2      | Killed Natasha
  1500 | D:2      | Gained mutation: Spells you cast may paralyse adjacent
                  | enemies. [demonic ancestry]
  1500 | D:2      | Reached XP level 4. HP: 37/37 MP: 5/5
  1683 | D:2      | Found a faded altar of an unknown god.
  1698 | D:2      | Prayed at the altar of an unknown god.
  1698 | D:2      | Became a worshipper of Hepliaklqana the Forgotten
  1698 | D:2      | Reached * piety under Hepliaklqana
  1698 | D:2      | Reached ** piety under Hepliaklqana
  1699 | D:2      | Remembered your ancestor Hubquo as a knight
  1909 | D:2      | Noticed Natasha
  1914 | D:2      | Killed Natasha
  2153 | D:3      | Reached *** piety under Hepliaklqana
  2178 | D:3      | Reached XP level 5. HP: 34/37 MP: 7/7
  2758 | D:4      | Noticed an ogre
  2766 | D:4      | Killed an ogre
  2767 | D:4      | Reached skill level 5 in Fighting
  2767 | D:4      | Reached XP level 6. HP: 45/45 MP: 3/9
  2916 | D:4      | Found a shadowy altar of Dithmenos.
  3044 | D:4      | Found a snail-covered altar of Cheibriados.
  3055 | D:4      | Gained mutation: You are partially covered in slimy green
                  | scales. (AC +2) [demonic ancestry]
  3055 | D:4      | Reached XP level 7. HP: 50/50 MP: 3/11
  3103 | D:4      | Noticed Robin
  3111 | D:4      | Killed Robin
  3112 | D:4      | Reached skill level 5 in Stealth
  3529 | D:4      | Found a sacrificial altar of Ru.
  3647 | D:4      | Reached **** piety under Hepliaklqana
  3848 | D:5      | Entered Level 5 of the Dungeon
  3903 | D:5      | Found a staircase to the Ecumenical Temple.
  3963 | Temple   | Entered the Ecumenical Temple
  4184 | D:5      | Found an iron altar of Okawaru.
  4814 | D:5      | Reached XP level 8. HP: 5/58 MP: 4/13
  4861 | D:5      | Identified 2 scrolls of acquirement
  5193 | D:6      | Found a broken altar of Ashenzari.
  5537 | D:6      | Found a glowing drain.
  5816 | D:6      | Killed from afar by an acid dragon

Illustrated notes

Levels and vault maps discovered:
D:1:      lemuel_arrival_rhombus, layout_loops_ring,
          hangedman_decor_clover_reticule
D:2:      kennysheep_six_static_rooms, layout_loops_ring,
          shapermc_ecumenical_altar_venn, uniq_natasha
D:3:      layout_basic
D:4:      layout_basic, mainiacjoe_overflow_boulevard,
          mainiacjoe_overflow_alcove_4, slow_altar_1, uniq_robin
D:5:      layout_loops_ring, okawaru_altar_gauntlet_db,
          minmay_temple_entry_ruins, palyth_stone_intersect
D:6:      layout_rooms, nicolae_overflow_hidden_temple,
          lightli_sewer_entry_pipes, minmay_manual_monstrance
Temple:   compressed_dpeg_circular_temple

Skill      XL: |  1  2  3  4  5  6  7  8 |
---------------+-------------------------+-----
Stealth        | 2 3 4 6 7 |  7.1
Spellcasting   | 1 2 3 4 |  4.1
Fighting       | 4 5 6 7 |  7.4
Short Blades   | |  2.6
Dodging        | |  2.6

Action                   |  1- 3 |  4- 6 |  7- 9 || total
-------------------------+-------+-------+-------++-------
Melee: Short sword       |   117 |    69 |       ||   186
       Dagger            |       |    36 |   315 ||   351
       Punch             |       |     1 |     3 ||     4
Invok: Ancestor Life: Kn |       |     1 |       ||     1
       Ancestor Identity |       |     1 |       ||     1
  Use: Scroll            |       |       |     6 ||     6
       Potion            |       |       |     2 ||     2
 Stab: Sleeping          |     6 |    11 |    14 ||    31
       Distracted        |       |     1 |     2 ||     3
Armor: Robe              |    13 |       |       ||    13
       Leather armour    |    14 |    42 |    96 ||   152
Dodge: Dodged            |    71 |    58 |   163 ||   292

Table legend: (Time is in decaauts)
 A = Elapsed time spent in this place.
 B = Non-inter-level travel time spent in this place.
 C = Inter-level travel time spent in this place.
 D = Time resting spent in this place.
 E = Time spent auto-exploring this place.
 F = Levels seen in this place.
 G = Mean time per level.
                   A        B        C        D        E       F      G
               +--------+--------+--------+--------+--------+-----+--------+
         Total |   5826 |   5596 |    230 |      0 |   4275 |   7 |  832.3 |
       Dungeon |   5677 |   5447 |    230 |      0 |   4207 |   6 |  946.2 |
        Temple |    148 |    148 |      0 |      0 |     68 |   1 |  148.0 |
               +--------+--------+--------+--------+--------+-----+--------+

Top non-repeatable levels by time:
     D:1: 1127 daAuts
     D:4: 1084 daAuts
     D:2: 1026 daAuts
     D:6: 975 daAuts
     D:5: 871 daAuts
     D:3: 592 daAuts
  Temple: 148 daAuts
